AoeStats
← DL | SoyKellan

Arabia

504373546Analyzed
1v1 RM · 28d ago on Sep 5, 2026· 64m 36s· 2 players
Game mode
Random Map
Map size
Tiny (2 player)
Population
200
Speed
Normal
Resources
Standard
Victory
Conquest
Starting age
Dark Age
Ending age
Imperial Age
RankedLock teamsTeams togetherTeam positionsShared explorationLock speedFull tech treeHidden civsTurbo modeCheats
Victory
Defeat
1408
+13
🇨🇴 Sicilians · Colombia
1336
-13
知耻而后勇喜笑颜开
8:57 Feudal Age
9:14 Loom
9:25 Double-Bit Axe
10:18 Wheelbarrow
9:32 Town Watch
10:35 Wheelbarrow
10:53 Horse Collar
17:01 Fletching
20:39 Padded Archer Armor
22:53 Castle Age
21:49 Forging
21:39 Scale Mail Armor
21:36 Gold Mining
21:59 Stone Mining
22:57 Pikeman
25:03 Squires
25:51 Hand Cart
25:54 Bow Saw
26:43 Chain Mail Armor
26:44 Heavy Plow
27:20 Gold Shaft Mining
29:28 Sanctity
29:39 Treadmill Crane
35:48 Imperial Age
33:40 Bodkin Arrow
33:56 Crossbowman
34:52 Leather Archer Armor
35:12 Iron Casting
36:14 Ballistics
36:02 Arbalester
36:55 Bracer
37:26 Ring Archer Armor
37:04 Curare
37:19 Conscription
37:43 Illumination
40:37 Plate Mail Armor
40:41 Redemption
41:16 Theocracy
41:44 Two-Man Saw
41:17 Conscription
42:09 Chemistry
47:07 Capped Ram
48:57 Hoardings
49:34 Siege Ram
52:59 Halberdier
53:03 Elite Ibirapema Warrior
53:39 Arson
55:38 Caciques
57:34 Arson
57:34 Elite Blackwood Archer
58:30 Halberdier
60:19 Guard Tower
60:14 Arrowslits
61:25 Arrowslits
DL | SoyKellan
6:41 Loom
9:01 Feudal Age
9:45 Double-Bit Axe
12:57 Town Watch
20:37 Castle Age
19:09 Horse Collar
20:04 Gold Mining
20:57 Bloodlines
21:48 Bow Saw
23:39 Scale Barding Armor
24:54 Wheelbarrow
25:31 Heavy Plow
32:30 Imperial Age
33:04 Forging
32:54 Scale Mail Armor
34:40 Iron Casting
36:44 Blast Furnace
36:00 Chain Mail Armor
35:27 Light Cavalry
37:47 Elite Serjeant
40:08 Cavalier
42:11 Chemistry
41:29 Husbandry
41:53 Chain Barding Armor
42:05 Plate Mail Armor
42:29 Chain Barding Armor
44:22 Plate Barding Armor
49:14 Hand Cart
49:25 Fletching
49:36 Padded Archer Armor
49:03 Elite Skirmisher
51:09 Ballistics
51:03 Bodkin Arrow
54:04 Bracer
56:42 Leather Archer Armor
Connection lost

Rejoining the realm…

Still unreachable

The connection could not be restored.

Session expired

The server has moved on; the page needs a fresh start.